cohdb
Replays
Latest Replays
All Replays
Popular Replays
Top Player Replays
Match Explorer
How It Works
Community
CoH3 Stats
Reddit
Sign in to upload your games and track your stats! →
Sign in with Steam
Match 44755661
Unlisted
Match 44755661
Overview
Messages
Build Orders
End
Vickers Machine Gun Team
Construct Section Command Post
Infantry Section
Infantry Section
Grenade Package
Infantry Section
Selects Air and Sea Battlegroup
Construct Platoon Command Post
Humber Armored Car
Selects Supply Surplus
Construct Resource Cache
Construct Resource Cache
要不还是别玩了吧
Roton
MOMO
lplp4943718
jimmy245165
Zig...Zag...
Stg44
Paradox
0
0
Comments
sign in to comment!
No comments posted yet!